AoeStats
← damiansima

Nomad

510221382Analyzed
4v4 RM · 2d ago on Sep 30, 2026· 65m 38s· 8 players
Game mode
Random Map
Map size
231×231
Population
200
Speed
Normal
Resources
Standard
Victory
Conquest
Starting age
Dark Age
Ending age
Imperial Age
RankedLock teamsTeams togetherTeam positionsShared explorationLock speedFull tech treeHidden civsTurbo modeCheats
Victory
Defeat
🇺🇸 Spanish · United States
1203
+16
🇦🇷 Wu · Argentina
1199
+16
🇺🇸 Malay · United States
1180
+17
🇦🇷 Saracens · Argentina
1155
+31
🇺🇸 Spanish · United States
1314
-21
🇨🇳 Huns · China
1239
-18
🇺🇸 Gurjaras · United States
1154
-15
🇲🇽 Lithuanians · Mexico
1098
-13
TheGallant"CTH"
16:59 Feudal Age
15:15 Loom
17:01 Feudal Age
17:36 Fishing Lines
21:01 Castle Age
19:07 Double-Bit Axe
20:07 Wheelbarrow
19:49 Fishing Lines
22:17 Bow Saw
23:39 Gold Mining
23:53 Gillnets
24:05 Fletching
25:21 Bodkin Arrow
25:28 Padded Archer Armor
25:01 Crossbowman
26:12 Ballistics
28:19 Thumb Ring
29:26 Hand Cart
30:13 Leather Archer Armor
32:16 Town Watch
36:27 Imperial Age
33:19 Elite Skirmisher
35:08 Gold Shaft Mining
34:14 Horse Collar
35:17 Arbalester
36:59 Chemistry
36:05 Bracer
37:34 Ring Archer Armor
37:20 Siege Engineers
39:05 Husbandry
38:26 Elite Battle Elephant
39:26 Forging
39:23 Scale Barding Armor
41:42 Iron Casting
42:17 Conscription
41:58 Thalassocracy
43:28 Blast Furnace
56:22 Guilds
Flave Tycoon
15:38 Feudal Age
20:13 Castle Age
19:40 Horse Collar
21:57 Loom
35:27 Wheelbarrow
40:38 Hand Cart
40:40 Gold Mining
46:03 Imperial Age
45:05 Scale Barding Armor
45:11 Forging
46:45 Chain Barding Armor
46:45 Double-Bit Axe
47:13 Bloodlines
46:25 Light Cavalry
47:32 Heavy Plow
47:44 Husbandry
48:25 Plate Barding Armor
48:26 Iron Casting
47:33 Hussar
51:03 Bow Saw
53:10 Blast Furnace
damiansima
13:59 Feudal Age
18:56 Castle Age
16:43 Double-Bit Axe
16:39 Horse Collar
17:12 Stone Mining
17:16 Gold Mining
17:30 Fletching
18:26 Loom
20:02 Bow Saw
20:56 Bodkin Arrow
21:02 Padded Archer Armor
30:11 Leather Archer Armor
30:41 Heavy Plow
31:54 Wheelbarrow
33:57 Imperial Age
33:10 Town Watch
33:40 Hand Cart
34:59 Bracer
36:07 Chemistry
35:28 Ballistics
35:43 Conscription
39:47 Elite Fire Archer
43:10 Scale Barding Armor
43:16 Forging
46:26 Chain Barding Armor
46:42 Iron Casting
46:30 Husbandry
46:57 Bloodlines
46:09 Light Cavalry
49:23 Plate Barding Armor
49:23 Hussar
50:05 Scale Mail Armor
51:54 Blast Furnace
51:56 Heavy Hei Guang Cavalry
54:13 Squires
53:58 Arson
55:42 Scale Mail Armor
55:05 Pikeman
56:42 Chain Mail Armor
66:35 Plate Mail Armor
elsinmanoss
13:32 Feudal Age
14:43 Loom
19:29 Castle Age
17:36 Double-Bit Axe
17:44 Gold Mining
18:24 Fletching
20:26 Fishing Lines
21:25 Medium Warships
21:42 Bodkin Arrow
22:12 Bow Saw
27:12 Padded Archer Armor
27:43 Crossbowman
28:39 Gillnets
30:40 Leather Archer Armor
36:10 Imperial Age
35:34 Thumb Ring
37:39 Bracer
38:38 Arbalester
40:54 Ballistics
42:33 Chemistry
43:09 Wheelbarrow
47:58 Two-Man Saw
48:43 Conscription
50:16 Bloodlines
51:47 Light Cavalry
52:29 Husbandry
53:57 Hussar
63:23 Horse Collar
64:00 Elite Mameluke
Abraham16034735
8:30 Loom
13:57 Feudal Age
17:46 Scale Barding Armor
18:36 Town Watch
20:14 Horse Collar
23:29 Castle Age
23:25 Gold Mining
23:24 Double-Bit Axe
26:12 Bloodlines
26:03 Husbandry
27:53 Wheelbarrow
28:38 Chain Barding Armor
29:15 Heavy Plow
29:30 Bow Saw
34:36 Forging
35:16 Hand Cart
35:52 Iron Casting
38:48 Imperial Age
38:26 Stone Mining
39:46 Ballistics
40:29 Chemistry
39:57 Conscription
40:48 Plate Barding Armor
40:08 Fletching
41:02 Elite Skirmisher
41:48 Thumb Ring
42:03 Town Patrol
42:19 Bodkin Arrow
43:00 Bracer
43:02 Padded Archer Armor
45:19 Leather Archer Armor
44:35 Elite Leitis
45:36 Conscription
48:22 Ring Archer Armor
48:52 Crop Rotation
49:31 Two-Man Saw
50:43 Cavalier
51:51 Masonry
51:22 Treadmill Crane
54:00 Architecture
53:23 Paladin
Diheadwarlord
4:52 Loom
12:50 Feudal Age
17:14 Castle Age
16:49 Double-Bit Axe
20:42 Bow Saw
23:23 Padded Archer Armor
23:47 Horse Collar
25:35 Leather Archer Armor
25:58 Fletching
30:45 Bloodlines
33:31 Imperial Age
31:56 Gold Mining
32:53 Husbandry
34:18 Masonry
35:40 Two-Man Saw
38:53 Architecture
39:59 Ring Archer Armor
42:13 Wheelbarrow
47:13 Bodkin Arrow
47:56 Hand Cart
47:33 Elite Skirmisher
48:26 Bracer
51:13 Ballistics
51:54 Chemistry
52:39 Conscription
52:33 Town Watch
DeleFern
13:03 Loom
16:10 Feudal Age
16:46 Double-Bit Axe
22:18 Castle Age
21:17 Forging
26:21 Light Cavalry
28:03 Bloodlines
29:27 Wheelbarrow
29:31 Gold Mining
32:07 Bow Saw
37:15 Imperial Age
34:29 Horse Collar
34:54 Elite Skirmisher
36:54 Fletching
38:11 Bodkin Arrow
39:29 Bracer
40:52 Hand Cart
40:53 Padded Archer Armor
42:30 Leather Archer Armor
43:42 Conscription
46:42 Scale Barding Armor
47:12 Iron Casting
48:20 Husbandry
50:11 Scale Mail Armor
50:33 Chain Barding Armor
53:34 Plate Barding Armor
58:17 Scale Mail Armor
877576839
13:43 Feudal Age
12:00 Loom
15:04 Double-Bit Axe
15:57 Double-Bit Axe
18:31 Castle Age
16:55 Horse Collar
18:37 Gold Mining
19:46 Bow Saw
23:08 Bloodlines
27:01 Scale Barding Armor
27:56 Forging
28:26 Husbandry
29:27 Wheelbarrow
32:24 Hand Cart
32:20 Heavy Plow
33:56 Gold Shaft Mining
34:29 Chain Barding Armor
36:45 Iron Casting
40:23 Imperial Age
39:19 Town Watch
40:45 Town Patrol
41:43 Plate Barding Armor
40:29 Cavalier
42:13 Blast Furnace
41:59 Paladin
49:17 Conscription
52:45 Light Cavalry
54:39 Hussar
Connection lost

Rejoining the realm…

Still unreachable

The connection could not be restored.

Session expired

The server has moved on; the page needs a fresh start.